 Dungeon Crawl Stone Soup version 0.30-a0-728-gc68057b (webtiles) character file.

Game seed: 3368177897914047963

221 Remcycle the Poker (level 5, -1/39 HPs)
             Began as a Merfolk Gladiator on Jan 31, 2023.
             Slain by Natasha (8 damage)
             ... on level 3 of the Dungeon.
             The game lasted 00:05:06 (1968 turns).

Remcycle the Poker (Merfolk Gladiator)              Turns: 1968, Time: 00:05:06

Health: -1/39      AC:  8    Str: 17    XL:     5   Next: 98%
Magic:  5/5        EV: 18    Int:  7    God:
Gold:   101        SH:  0    Dex: 15    Spells: 4/4 levels left

rFire   + . .      SeeInvis .    a - +0 trident
rCold   . . .      Faith    .    (no shield)
rNeg    . . .      Spirit   .    b - +0 leather armour
rPois   +          Reflect  .    c - +0 helmet
rElec   .          Harm     .    (no cloak)
rCorr   .          Rampage  .    (no gloves)
Will    .....                    (no boots)
Stlth   +                        (no amulet)
HPRegen 0.26/turn                g - +5 ring of evasion
MPRegen 0.09/turn                u - +4 ring of protection

@: slowed, very slow
A: (nimble swimmer 2), mertail, fire resistance 1, poison resistance, sturdy
frame 1
a: no special abilities


You were on level 3 of the Dungeon.
You visited 1 branch of the dungeon, and saw 3 of its levels.

You collected 101 gold pieces.

Inventory:

Hand Weapons
 a - a +0 trident (weapon)
Missiles
 d - 5 throwing nets (quivered)
 e - a javelin
Armour
 b - a +0 leather armour (worn)
 c - a +0 helmet (worn)
Jewellery
 g - a +5 ring of evasion (left hand)
 q - a +5 ring of evasion
 u - a +4 ring of protection (right hand)
Scrolls
 f - 5 scrolls of identify {unknown}
 h - a scroll of fog {unknown}
 i - a scroll of immolation {unknown}
 j - a scroll of poison {unknown}
 k - a scroll of teleportation {unknown}
 l - a scroll of enchant weapon {unknown}
 m - a scroll of magic mapping {unknown}
 o - a scroll of amnesia {unknown}
 t - a scroll of enchant armour {unknown}
Potions
 n - a potion of brilliance {unknown}
 p - 2 potions of berserk rage {unknown}
 r - a potion of curing {unknown}
 s - a potion of lignification {unknown}


   Skills:
 - Level 2.6 Fighting
 + Level 7.9 Polearms
 - Level 2.3 Throwing
 - Level 4.3 Dodging


You had 4 spell levels left.
You didn't know any spells.
Your spell library contained the following spells:

 Spells                   Type           Power      Damage    Failure   Level
 Ensorcelled Hibernation  Hex/Ice        0%         N/A       58%         2
 Passwall                 Tmut/Erth      0%         N/A       58%         2
 Ozocubu's Armour         Ice            0%         N/A       82%         3
 Swiftness                Air            0%         N/A       82%         3
 Metabolic Englaciation   Hex/Ice        0%         N/A       100%        5
 Simulacrum               Ice/Necr       0%         N/A       100%        6


Dungeon Overview and Level Annotations

Branches:
Dungeon (3/15)

Altars:

Annotations:
D:3 Natasha


Innate Abilities, Weirdness & Mutations

((You are very nimble when in or above water. (Stealth+, EV+, Speed+++)))
Your lower body shifts to a powerful aquatic tail in water.
Your flesh is heat resistant. (rF+)
Your system is resistant to poisons. (rPois)
Your movements are slightly less encumbered by armour. (ER -2)


Message History

Ijyb is almost dead.
The orc barely misses you. Ijyb hits you but does no damage.
You bump into the rock wall.
The orc closely misses you.
Ijyb zaps a wand.
The bolt of light misses you.
Natasha, Servant of Life and Death comes into view.
She is carrying a wand of roots (6).
The orc completely misses you. The orc attacks as you move away!
The orc closely misses you.
You feel less confused.
You hit Ijyb.
You kill Ijyb!
Natasha mumbles some strange words.
Natasha shimmers violently.
Natasha stares at you and mumbles some strange words.
You resist with some effort. The orc barely misses you.
You hit the orc. You punch the orc, but do no damage.
The orc is severely wounded.
The orc hits you but does no damage.
You barely miss the orc.
The orc is severely wounded.
Natasha casts a spell at you. The magic dart hits you.
* * * LOW HITPOINT WARNING * * *
The orc completely misses you.
You hit the orc.
The orc is almost dead.
Natasha casts a spell at you. You resist with some effort.
The orc completely misses you.
You puncture the orc!
You kill the orc!
Natasha claws you but does no damage.
You hit Natasha.
Natasha is moderately wounded.
You barely miss Natasha.
Natasha is moderately wounded.
Natasha stares at you and mumbles some strange words.
You feel yourself slow down.
You hit Natasha.
Natasha is heavily wounded.
Natasha misses you. Natasha claws you!
You die...

##........# #.#
#.........# #.#
#........... #.#
#........##.#####.#
#.....[..##.....#.#
.........# ###.."#
##..#
#######.)########
......h@)>.......
#####......######
..........#
..###......#
#......# ##.##.##
.. #.# ### #.# ..


You could see Natasha.

Vanquished Creatures
  An iguana (D:2)
  Ijyb (D:3)
  Natasha (D:3)
  Terence (D:3)
  4 gnolls (D:3)
  2 adders
  3 worms (D:2)
  A dart slug (D:2)
  3 orcs (D:3)
  4 endoplasms
  2 giant cockroaches (D:1)
  4 goblins
  5 hobgoblins
  4 jackals (D:1)
  3 quokkas
  3 ball pythons
  2 bats
  3 frilled lizards
  8 kobolds
  4 rats
59 creatures vanquished.

Vanquished Creatures (others)
  8 toadstools (D:3)
8 creatures vanquished.

Grand Total: 67 creatures vanquished

Notes
Turn   | Place    | Note
-------+----------+-------------------------------------------
     0 | D:1      | Remcycle the Merfolk Gladiator began the quest for the Orb.
     0 | D:1      | Reached XP level 1. HP: 16/16 MP: 1/1
   117 | D:1      | Reached XP level 2. HP: 23/23 MP: 2/2
   385 | D:1      | Reached XP level 3. HP: 28/28 MP: 3/3
   922 | D:2      | Reached skill level 5 in Polearms
   922 | D:2      | Reached XP level 4. HP: 22/34 MP: 4/4
  1103 | D:2      | Reached skill level 6 in Polearms
  1230 | D:2      | Found a faded altar of an unknown god.
  1743 | D:3      | Reached XP level 5. HP: 18/39 MP: 5/5
  1748 | D:3      | Gained mutation: Your flesh is heat resistant. (rF+)
                  | [potion of mutation]
  1748 | D:3      | Gained mutation: Your system is resistant to poisons.
                  | (rPois) [potion of mutation]
  1748 | D:3      | Gained mutation: Your movements are slightly less
                  | encumbered by armour. (ER -2) [potion of mutation]
  1758 | D:3      | Reached skill level 7 in Polearms
  1777 | D:3      | Noticed Natasha
  1786 | D:3      | Killed Natasha
  1896 | D:3      | Noticed Terence
  1903 | D:3      | Killed Terence
  1945 | D:3      | Noticed Ijyb
  1958 | D:3      | Noticed Natasha
  1961 | D:3      | Killed Ijyb
  1968 | D:3      | Slain by Natasha

Illustrated notes

Levels and vault maps discovered:
D:1:      dpeg_arrival_connections, layout_basic
D:2:      layout_loops_ring, ebering_ecumenical_altar_rust, minmay_pentomino_u4
D:3:      cheibrodos_fertilizer, layout_basic, mrwooster_statue_mirror,
          uniq_ijyb, uniq_terence, uniq_natasha

Skill      XL: |  1  2  3  4  5 |
---------------+----------------+-----
Polearms       | 5 6 7 |  7.9
Fighting       | |  2.6
Throwing       | |  2.3
Dodging        | |  4.3

Action                     |  1- 3 |  4- 6 || total
---------------------------+-------+-------++-------
  Melee: Trident           |   136 |   119 ||   255
         Punch             |     1 |     3 ||     4
    Use: Potion            |       |     2 ||     2
   Stab: Sleeping          |     2 |       ||     2
 Armour: Leather armour    |    14 |    15 ||    29
  Dodge: Dodged            |    87 |    80 ||   167

Table legend: (Time is in decaauts)
 A = Elapsed time spent in this place.
 B = Non-inter-level travel time spent in this place.
 C = Inter-level travel time spent in this place.
 D = Time resting spent in this place.
 E = Time spent auto-exploring this place.
 F = Levels seen in this place.
 G = Mean time per level.
                   A        B        C        D        E       F      G
               +--------+--------+--------+--------+--------+-----+--------+
         Total |   1975 |   1899 |     76 |     65 |   1361 |   3 |  658.3 |
       Dungeon |   1975 |   1899 |     76 |     65 |   1361 |   3 |  658.3 |
               +--------+--------+--------+--------+--------+-----+--------+

Top non-repeatable levels by time:
     D:2: 856 daAuts
     D:1: 721 daAuts
     D:3: 397 daAuts
